 Dungeon Crawl Stone Soup version 0.32-a0-42-ga30500b (webtiles) character file.

Game seed: 8511754226702744685

34 Dorkslayer the Ruffian (level 3, 0/23 HPs)
             Began as an Octopode Shapeshifter on Jan 28, 2024.
             Slain by an adder (3 damage)
             ... on level 2 of the Dungeon.
             The game lasted 00:06:34 (1123 turns).

Dorkslayer the Ruffian (Octopode Shapeshifter)      Turns: 1123, Time: 00:06:36

Health: 0/23       AC:  1    Str: 15    XL:     3   Next: 31%
Magic:  3/3        EV: 13    Int: 12    God:
Gold:   102        SH:  0    Dex: 11    Spells: 2/2 levels left

rFire   . . .        l - +0 halberd
rCold   . . .        (shield currently unavailable)
rNeg    . . .        (helmet currently unavailable)
rPois   .            (no amulet)
rElec   .            g - ring of resist corrosion
rCorr   +            (no ring)
SInv    .            (no ring)
Will    .....        (no ring)
Stlth   ++           (no ring)
HPRegen 0.23/turn    (no ring)
MPRegen 0.08/turn    (no ring)
                     (no ring)

%: no passive effects
@: lethally poisoned (0 -> -4), beast-form
A: beast (slay +1), almost no armour, amphibious, 8 rings, camouflage 1,
gelatinous body 1, (nimble swimmer 1), tentacles
a: Begin Untransformation


You were on level 2 of the Dungeon.
You were a hulking beast.
You visited 1 branch of the dungeon, and saw 2 of its levels.

You collected 102 gold pieces.

Inventory:

Hand Weapons
 l - a +0 halberd (weapon)
Jewellery
 g - a ring of resist corrosion (left tentacle)
Talismans
 b - a beast talisman
 c - a flux talisman
Scrolls
 f - a scroll of fog
 h - a scroll of poison {unknown}
 i - a scroll of enchant armour {unknown}
 k - a scroll of silence {unknown}


   Skills:
 + Level 1.0 Fighting
 * Level 0.1 Polearms
 + Level 2.0 Dodging
 + Level 0.4 Stealth
 * Level 4.1 Unarmed Combat
 + Level 3.0 Shapeshifting


You had 2 spell levels left.
You didn't know any spells.
Your spell library was empty.

Dungeon Overview and Level Annotations

Branches:
Dungeon (2/15)

Altars:
Uskayaw


Innate Abilities, Weirdness & Mutations

You are a hulking beast.
Your limbs bulge with bestial killing power. (Slay +1)
You cannot wear most types of armour.
You are amphibious.
You can wear up to eight rings at the same time.
Your skin changes colour to match your surroundings (Stealth+).
Your rubbery body absorbs attacks. (AC +1, EV +1)
((You are camouflaged when in or above water. (Stealth+)))
You have tentacles for arms and can constrict up to eight enemies at once.


Message History

The endoplasm closely misses you. The endoplasm hits you.
You hit the endoplasm. You squeeze the endoplasm.
The endoplasm is severely wounded.
The endoplasm closely misses you.
You puncture the endoplasm!
You kill the endoplasm!
Things that are here:
2 potions of degeneration; a potion of lignification An adder comes into view.
An adder comes into view.
The adder hisses angrily.
Reach: l) +0 halberd
Press: ? - help, Dir - move target, f - adder
Aim: an adder (about 78% to evade your +0 halberd)
You reach to attack!
You closely miss the adder. The adder barely misses you.
You miss the adder. Your grab misses the adder.
The adder hisses angrily.
The adder barely misses you. The adder bites you.
You are poisoned.
The adder poisons you!
You hit the adder. You grab the adder.
The adder is moderately wounded.
You constrict the adder.
You feel sick. The adder bites you.
You are more poisoned.
The adder poisons you!
You barely miss the adder.
The adder is moderately wounded.
You constrict the adder.
You feel very sick. The adder misses you. The adder bites you. x2
You release your grip on the adder.
* * * LOW HITPOINT WARNING * * *
You feel sick. The adder closely misses you.
You barely miss the adder. Your grab misses the adder.
The adder is heavily wounded.
* * * LOW HITPOINT WARNING * * *
You feel sick. The adder bites you.
* * * LOW HITPOINT WARNING * * *
The adder bites you.
You die...

.........##.............#
.._......#..............#
.......^................##
...).##'###..............##
#####...# ##############..#
## #..### #.#.#.#.#.#.#.#.#
.###.## .≈...≈...≈...≈..#
>....# ##.#.#.#.#.#.#.#.#
...### #..:§..h≈...§....#
...# .#.#.#.#S#.#.#.#.#
...# .≈...≈.S.≈...≈..#
...## #.#.#.#.#.#.#.#.#
....# ..≈...≈...§....#
....# #.#.#.#.#.#.#.#.#
....# ..≈...≈...≈...≈..#
....# .#.# #.#.# #.# ....#
.. .≈. ..


You could see 2 adders.

Vanquished Creatures
  An adder (D:2)
  A dart slug (D:1)
  2 bats (D:1)
  4 endoplasms
  3 goblins (D:1)
  A hobgoblin (D:1)
  2 quokkas (D:1)
  A ball python (D:1)
  5 kobolds
  2 rats
22 creatures vanquished.

Notes
Turn   | Place    | Note
-------+----------+-------------------------------------------
     0 | D:1      | Dorkslayer the Octopode Shapeshifter began the quest for
                  | the Orb.
     0 | D:1      | Reached XP level 1. HP: 13/13 MP: 1/1
   204 | D:1      | Reached XP level 2. HP: 14/18 MP: 2/2
   911 | D:2      | Found a hide-covered altar of Uskayaw.
   985 | D:2      | Reached skill level 4 in Unarmed Combat
   992 | D:2      | Noticed an ogre
  1011 | D:2      | Reached XP level 3. HP: 23/23 MP: 3/3
  1043 | D:2      | Found a faded altar of an unknown god.
  1123 | D:2      | Slain by an adder

Illustrated notes

Levels and vault maps discovered:
D:1:      dpeg_arrival_radiant, layout_loops_ring, due_unseen_surprise
D:2:      layout_basic, serial_rivers, chequers_serial_rivers_small_3,
          chequers_serial_rivers_micro_e, chequers_serial_rivers_small_a,
          chequers_serial_rivers_room_b, basic_altar,
          ebering_ecumenical_altar_webs, minmay_misc_feat_pillars,
          minmay_strange_pillars, kennysheep_crisscross

Skill      XL: |  1  2 |
---------------+-------+-----
Unarmed Combat | 4 |  4.1
Fighting       | |  1.0
Polearms       | |  0.1
Dodging        | |  2.0
Stealth        | |  0.4
Shapeshifting  | |  3.0

Action                     || total
---------------------------++-------
  Melee: Unarmed           ||    29
         Constrict         ||     7
         Punch             ||     2
         Halberd           ||    16
         Tentacles         ||     3
    Use: Scroll            ||     4
   Stab: Sleeping          ||     3
 Armour: Skin              ||    20
  Dodge: Dodged            ||    23

Table legend: (Time is in decaauts)
 A = Elapsed time spent in this place.
 B = Non-inter-level travel time spent in this place.
 C = Inter-level travel time spent in this place.
 D = Time resting spent in this place.
 E = Time spent auto-exploring this place.
 F = Levels seen in this place.
 G = Mean time per level.
                   A        B        C        D        E       F      G
               +--------+--------+--------+--------+--------+-----+--------+
         Total |   1127 |   1127 |      0 |      0 |    770 |   2 |  563.5 |
       Dungeon |   1127 |   1127 |      0 |      0 |    770 |   2 |  563.5 |
               +--------+--------+--------+--------+--------+-----+--------+

Top non-repeatable levels by time:
     D:1: 800 daAuts
     D:2: 327 daAuts
